 Dungeon Crawl Stone Soup version 0.19-b1-4-gd8a0a2a (webtiles) character file.

120 sugabear the Cudgeler (level 5, -11/27 HPs)
             Began as a Vine Stalker Gladiator on Oct 30, 2016.
             Mangled by an ogre
             ... wielding a +0 giant spiked club
              (24 damage)
             ... on level 4 of the Dungeon.
             The game lasted 00:03:10 (2904 turns).

sugabear the Cudgeler (Vine Stalker Gladiator)      Turns: 2904, Time: 00:03:10

Health: -11/27     AC:  6    Str: 19    XL:     5   Next: 4%
Magic:  0/6        EV: 12    Int:  8    God:
Gold:   186        SH:  0    Dex: 14    Spells: 0 memorised, 4 levels left

rFire  . . .     SeeInvis .     a - +1 war axe (chop)
rCold  . . .     Gourm    .     i - +0 ring mail
rNeg   . . .     Faith    .     (no shield)
rPois  .         Spirit   +     c - +0 helmet
rElec  .         Reflect  .     (no cloak)
rCorr  .         Harm     .     (no gloves)
MR     .....                    (no boots)
Stlth  +.........               (no amulet)
                                (no ring)
                                (no ring)

@: no status effects
A: fangs 2, regeneration 1, magic shield, antimagic bite, no device heal 3, rot
immunity
a: no special abilities


You were on level 4 of the Dungeon.
You were not hungry.

You visited 1 branch of the dungeon, and saw 4 of its levels.

You collected 186 gold pieces.

Inventory:

Hand Weapons
 a - a +1 war axe of chopping (weapon)
 b - a +2 flail of holy wrath
 p - a +0 flail
Missiles
 d - 3 throwing nets (quivered)
Armour
 c - a +0 helmet (worn)
 i - a +0 ring mail (worn)
Jewellery
 h - an uncursed ring of wizardry {unknown}
 x - an uncursed amulet of harm {unknown}
Scrolls
 e - 2 scrolls of amnesia {unknown}
 g - 4 scrolls of identify {unknown}
 l - a scroll of magic mapping {unknown}
 n - 4 scrolls of remove curse {unknown}
 o - a scroll of immolation {unknown}
 s - a scroll of noise {unknown}
 t - a scroll of teleportation {unknown}
 u - a scroll of blinking {unknown}
 w - a scroll of fog {unknown}
 y - a scroll of fear {unknown}
Potions
 j - a potion of haste {unknown}
 k - a potion of brilliance {unknown}
 m - 2 potions of curing {unknown}
 q - a potion of berserk rage {unknown}
 r - a potion of might {unknown}
 v - a potion of heal wounds {unknown}
 z - a potion of flight {unknown}
Comestibles
 f - 4 bread rations
 A - 2 chunks of flesh


   Skills:
 + Level 2.4 Fighting
 + Level 1.3(2.7) Axes
 + Level 3.7(3.9) Maces & Flails
 + Level 1.7 Throwing
 + Level 1.2 Armour
 + Level 2.8 Dodging


You had 4 spell levels left.
You didn't know any spells.

Dungeon Overview and Level Annotations

Branches:
Dungeon (4/15)
 Temple: D:4-7

Altars:


Innate Abilities, Weirdness & Mutations

You have extremely sharp teeth.
Your natural rate of healing is unusually fast.
When hurt, damage is shared between your health and your magic reserves.
Your bite disrupts and absorbs the magic of your enemies.
Potions and wands cannot restore your health.
You are immune to rotting.


Message History

You feel sick.
You feel sick.
You feel sick.
You are no longer poisoned.
You see here an adder skeleton.
An ogre comes into view. It is wielding a giant spiked club.
An ogre is nearby!
You slash the ogre! You bite the ogre, but do no damage.
The ogre is moderately wounded.
The ogre hits you with a giant spiked club!!
Ouch! That really hurt!
You barely miss the ogre. You bite the ogre. You drain its power.
You feel invigorated.
The ogre is moderately wounded.
The ogre misses you.
You slash the ogre! You bite the ogre, but do no damage.
The ogre is almost dead.
The ogre hits you with a giant spiked club!!
Ouch! That really hurt!
You die...

##.###.# #.# #.# #.# #.#
###.######. #.###.###.#
#...........
#.........###........#.#
###.........#..........
#.....###.#........#
#.......#.#........# #
#...รท.#.#.#..O....# ##
#.........#..@....##
.####...##.######.#...##
.'.......................
.##.#......######.#...###
###.##.##.## #.##.## #
#.##.##.# #.# ##
#.......# ... ####.###
... .# ....


You could see an ogre.

Vanquished Creatures
  3 adders
  2 gnolls (D:4)
  3 worms (D:2)
  3 dart slugs
  2 leopard geckos
  2 orcs
  A ball python (D:4)
  5 bats
  3 giant cockroaches
  6 hobgoblins
  2 quokkas (D:3)
  4 frilled lizards
  10 goblins
  6 kobolds
  3 rats
55 creatures vanquished.

Notes
Turn   | Place    | Note
-------+----------+-------------------------------------------
     0 | D:1      | sugabear the Vine Stalker Gladiator began the quest for the Orb.
     0 | D:1      | Reached XP level 1. HP: 11/11 MP: 2/2
   145 | D:1      | Reached XP level 2. HP: 6/15 MP: 1/3
   390 | D:1      | Reached skill level 3 in Maces & Flails
   810 | D:1      | Reached XP level 3. HP: 11/18 MP: 4/4
  1851 | D:2      | Gained mutation: Your natural rate of healing is unusually fast. [Vine Stalker growth]
  1851 | D:2      | Reached XP level 4. HP: 23/23 MP: 5/5
  2370 | D:3      | Reached skill level 1 in Armour
  2645 | D:4      | Reached skill level 1 in Axes
  2852 | D:4      | Reached XP level 5. HP: 21/27 MP: 6/6
  2900 | D:4      | Noticed an ogre
  2904 | D:4      | Mangled by an ogre

Skill      XL: |  1  2  3  4 |
---------------+-------------+-----
Fighting       | 2 |  2.4
Maces & Flails | 3 |  3.7
Armour         | 1 |  1.2
Axes           | 1 |  1.3
Throwing       | |  1.7
Dodging        | |  2.8

Action                   |  1- 3 |  4- 6 || total
-------------------------+-------+-------++-------
Melee: Flail             |    88 |       ||    88
       Bite              |    20 |    13 ||    33
       War axe           |    12 |    50 ||    62
  Eat: Chunk             |     3 |     3 ||     6
Armor: Leather armour    |    12 |       ||    12
       Ring mail         |    27 |    14 ||    41
Dodge: Dodged            |    65 |    43 ||   108
